 Dungeon Crawl Stone Soup version 0.24.1-14-gf8d2b509d9 (webtiles) character file.

Game seed: 7947966813463280197, levelgen mode: deterministic

960 Hugehornet the Basher (level 8, -5/69 HPs)
             Began as a Gargoyle Fighter on May 24, 2020.
             Was a Follower of Cheibriados.
             Slain by an orc warrior
             ... wielding a +0 halberd
              (11 damage)
             ... on level 6 of the Dungeon.
             The game lasted 00:08:29 (5578 turns).

Hugehornet the Basher (Gargoyle Fighter)            Turns: 5578, Time: 00:08:29

Health: -5/69      AC: 26    Str: 22    XL:     8   Next: 14%
Magic:  8/8        EV:  2    Int: 15    God:    Cheibriados [*.....]
Gold:   371        SH:  9    Dex: 12    Spells: 7/7 levels left

rFire    . . .     SeeInvis .   x - +1 whip (holy)
rCold    . . .     Gourm    .   c - +0 shield
rNeg     + + +     Faith    .   (armour currently unavailable)
rPois    ∞         Spirit   .   (helmet currently unavailable)
rElec    .         Reflect  .   (cloak currently unavailable)
rCorr    +         Harm     .   (gloves currently unavailable)
MR       .....     NoTele   +   (boots currently unavailable)
Stlth    +.........             (no amulet)
HPRegen  0.21/turn              u - ring of resist corrosion
MPRegen  0.11/turn              y - +2 ring of protection

@: tree-form, very slow
A: negative energy resistance 1, petrification resistance, rot immunity, AC +5
a: Bend Time, Renounce Religion


You were on level 6 of the Dungeon.
You worshipped Cheibriados.
Cheibriados was aware of your devotion.
You were not hungry.
You were a tree.
You visited 1 branch of the dungeon, and saw 6 of its levels.

You collected 371 gold pieces.

Inventory:

Hand Weapons
 a - a +0 flail
 x - a +1 whip of holy wrath (weapon)
Armour
 b - a +0 scale mail
 c - a +0 shield (worn)
 g - a +1 hat (melded)
 m - a +0 chain mail (melded)
 s - a +0 pair of gloves (melded)
Jewellery
 u - a ring of resist corrosion (left branch)
 y - a +2 ring of protection (right branch)
 B - an uncursed ring of fire
Wands
 j - a wand of disintegration (12)
 C - a wand of acid (7)
Scrolls
 e - a scroll of random uselessness {unknown}
 h - 2 scrolls of fear {unknown}
 i - a scroll of blinking {unknown}
 k - a scroll of amnesia {unknown}
 n - 2 scrolls of remove curse {unknown}
 r - 3 scrolls of magic mapping {unknown}
 t - 2 scrolls of noise {unknown}
 v - a scroll of teleportation {unknown}
 w - 2 scrolls of fog {unknown}
 z - a scroll of immolation {unknown}
 A - a scroll of enchant weapon {unknown}
 D - 3 scrolls of identify
Potions
 d - a potion of lignification
 o - a potion of magic
 q - a potion of flight
 E - a potion of brilliance {unknown}
Comestibles
 f - 12 rations


   Skills:
 - Level 3.2 Fighting
 + Level 9.3 Maces & Flails
 - Level 3.2 Armour
 - Level 3.2 Shields


You had 7 spell levels left.
You didn't know any spells.
Your spell library contained the following spells:

 Spells                   Type           Power        Failure   Level  Hunger
 Animate Skeleton         Necr           N/A          77%         1    ##.....
 Apportation              Tloc           #.....       77%         1    ##.....
 Confusing Touch          Hex            #.....       77%         1    ##.....
 Summon Small Mammal      Summ           #...         77%         1    ##.....
 Bolt of Magma            Conj/Fire/Erth #.........   100%        5    ######.
 Iskenderun's Battlesphe  Conj/Chrm      #.......     100%        5    ######.
 Venom Bolt               Conj/Pois      #.........   100%        5    ######.
 Iron Shot                Conj/Erth      #.........   100%        6    #######
 Orb of Destruction       Conj           #.........   100%        7    #######
 Spellforged Servitor     Conj/Summ      #.........   100%        7    #######


Dungeon Overview and Level Annotations

Branches:
Dungeon (6/15)             Temple (0/1) D:5

Altars:
Cheibriados
Dithmenos
Fedhas
Gozag
Kikubaaqudgha
Okawaru
Sif Muna
Trog
Vehumet
Yredelemnul

Shops:
D:4 :


Innate Abilities, Weirdness & Mutations

You are resistant to torment.
((Your stone body is resilient. (AC +5)))
You are immune to poison.
You resist negative energy. (rN+)
((You are resistant to electric shocks. (rElec)))
((You can survive without breathing.))
You are immune to petrification.
You are immune to rotting.


Message History

You hit the orc warrior but do no damage.
The orc warrior is heavily wounded.
You hit the orc warrior but do no damage.
The orc warrior is heavily wounded.
The orc warrior hits you but does no damage.
You closely miss the orc warrior.
The orc warrior is heavily wounded.
The orc warrior hits you with a +0 halberd!
* * * LOW HITPOINT WARNING * * *
You hit the orc warrior but do no damage.
The orc warrior is heavily wounded.
You hit the orc warrior but do no damage.
The orc warrior is heavily wounded.
The orc warrior hits you with a +0 halberd!
* * * LOW HITPOINT WARNING * * *
You closely miss the orc warrior.
The orc warrior is heavily wounded.
It was a potion of curing.
You feel better.
The orc warrior hits you with a +0 halberd!
You die...

.# 8.8≈≈ #####.###
...≈ #..)....# 8.8#
#.......# ...#
.......####8o8#
#...........#
#..........#
##........o####
#.........[♣.!#
#.#.####.####.....#
#...# #.# .#####
##..# #.## .#
#..###...# .#
#......_.. ..
##.###...# .# #.#
##.## .# ########.#
#.#


You could see an orc warrior.

Vanquished Creatures
  An ice beast (D:6)
  3 ogres
  2 bullfrogs (D:6)
  A scorpion (D:4)
  A centaur zombie (D:6)
  A hound (D:4)
  3 orc wizards
  A bullfrog skeleton (D:6)
  Natasha (thrice) (D:3)
  6 adders
  A shadow imp (D:5)
  An ooze (D:2)
  2 worms (D:2)
  2 dart slugs
  8 leopard geckos
  9 orcs
  5 giant cockroaches
  13 goblins
  14 hobgoblins
  2 jackals (D:4)
  A quokka (D:2)
  A ball python (D:5)
  5 bats
  7 frilled lizards
  11 kobolds
  8 rats
112 creatures vanquished.

Notes
Turn   | Place    | Note
-------+----------+-------------------------------------------
     0 | D:1      | Hugehornet the Gargoyle Fighter began the quest for the
                  | Orb.
     0 | D:1      | Reached XP level 1. HP: 14/14 MP: 1/1
   204 | D:1      | Reached XP level 2. HP: 19/19 MP: 2/2
   279 | D:1      | Reached skill level 3 in Maces & Flails
   492 | D:1      | Reached XP level 3. HP: 23/23 MP: 3/3
  1078 | D:2      | Found an opulent altar of Gozag.
  1135 | D:2      | HP: 1/23 [kobold/+0 short sword (2)]
  1151 | D:2      | Reached skill level 4 in Maces & Flails
  1165 | D:2      | Reached XP level 4. HP: 17/28 MP: 4/4
  1704 | D:2      | Found a blossoming altar of Fedhas.
  2136 | D:3      | Noticed Natasha
  2147 | D:3      | Killed Natasha
  2147 | D:3      | Reached skill level 5 in Maces & Flails
  2147 | D:3      | Reached XP level 5. HP: 24/32 MP: 5/5
  2326 | D:3      | Noticed Natasha
  2368 | D:3      | Killed Natasha
  2508 | D:3      | Noticed Natasha
  2521 | D:3      | Killed Natasha
  2542 | D:3      | Found a snail-covered altar of Cheibriados.
  2546 | D:3      | Became a worshipper of Cheibriados the Contemplative
  2711 | D:3      | Reached skill level 6 in Maces & Flails
  2711 | D:3      | Reached XP level 6. HP: 29/37 MP: 6/6
  3191 | D:4      | Found Kuriax's Book Shop.
  3331 | D:4      | Reached * piety under Cheibriados
  3353 | D:4      | Found an ancient bone altar of Kikubaaqudgha.
  3442 | D:4      | Reached skill level 7 in Maces & Flails
  3442 | D:4      | Reached XP level 7. HP: 41/41 MP: 7/7
  3758 | D:5      | Entered Level 5 of the Dungeon
  3922 | D:5      | Found a staircase to the Ecumenical Temple.
  4094 | D:5      | Found a bloodstained altar of Trog.
  4094 | D:5      | Found a radiant altar of Vehumet.
  4642 | D:6      | Reached skill level 8 in Maces & Flails
  5043 | D:6      | Reached skill level 9 in Maces & Flails
  5043 | D:6      | Reached XP level 8. HP: 11/46 MP: 8/8
  5310 | D:6      | Found a shimmering blue altar of Sif Muna.
  5310 | D:6      | Found a shadowy altar of Dithmenos.
  5456 | D:6      | Found an iron altar of Okawaru.
  5538 | D:6      | Found a basalt altar of Yredelemnul.
  5576 | D:6      | HP: 1/69 [orc warrior/+0 halberd (8)]
  5578 | D:6      | Slain by an orc warrior

Levels and vault maps discovered:
D:1:      lightli_arrival_farm, layout_basic
D:2:      layout_basic, lemuel_round_altar, fedhas_ov_isle_minmay
D:3:      layout_rooms, cheibriados_altar_1, uniq_natasha
D:4:      layout_basic, kennysheep_mini_moat, first_ration, serial_shops, shop,
          grunt_decor_arrowhead
D:5:      layout_basic, gammafunk_temple_overflow_statue,
          minmay_temple_entry_drinking_statues
D:6:      kennysheep_orc_sif_temple, layout_basic,
          gammafunk_temple_overflow_wave, nicolae_overflow_crystal_walls,
          okawaru_altar_gauntlet_db

Skill      XL: |  1  2  3  4  5  6  7 |
---------------+----------------------+-----
Maces & Flails | 3 4 5 6 7 9 |  9.3
Fighting       | |  3.2
Armour         | |  3.2
Shields        | |  3.2

Action                   |  1- 3 |  4- 6 |  7- 9 || total
-------------------------+-------+-------+-------++-------
Melee: Flail             |   147 |    76 |       ||   223
       Whip              |       |   235 |   201 ||   436
  Use: Potion            |     1 |     1 |     3 ||     5
       Scroll            |       |     4 |       ||     4
  Eat: Chunk             |     1 |     8 |     3 ||    12
Armor: Scale mail        |    37 |       |       ||    37
       Chain mail        |    66 |   195 |    74 ||   335
       Skin              |       |       |     2 ||     2
Dodge: Dodged            |    44 |    53 |    24 ||   121
Block: Shield            |   105 |   139 |    59 ||   303
